 Dungeon Crawl Stone Soup version 0.32-a0-520-g344ed53f66 (webtiles) character file.

Game seed: 1821514845571480560

13976 BubbleThief the Fighter (level 12, -40/103 HPs)
             Began as a Barachi Ice Elementalist on Feb 28, 2024.
             Was a High Priest of Okawaru.
             Annihilated by a culicivora (58 damage)
             ... on level 2 of the Lair of Beasts.
             The game lasted 00:27:41 (11175 turns).

BubbleThief the Fighter (Barachi Ice Elementalist) Turns: 11175, Time: 00:27:42

Health: -40/103    AC: 24    Str: 10    XL:     12   Next: 11%
Magic:  4/18       EV:  2    Int: 16    God:    Okawaru [*****.]
Gold:   645        SH:  0    Dex: 23    Spells: 10/20 levels left

rFire   . . .        j - +2 scimitar (flame)
rCold   . . .        (no shield)
rNeg    . . .        J - +0 steam dragon scales
rPois   .            l - +2 helmet
rElec   .            k - +0 cloak
rCorr   .            g - +2 pair of gloves
SInv    .            f - +0 pair of boots
Will    .....        F - amulet of regeneration
Stlth   ++           E - +6 ring of dexterity
HPRegen 1.17/turn    x - +4 ring of protection
MPRegen 0.16/turn

%: no passive effects
@: ice-armoured, sleeping, marked, unable to hop, freezing walls, attractive,
slow
A: amphibious, slowness 1, strong legs 1, +LOS
a: Hop, Renounce Religion, Heroism, Finesse, Duel


You were on level 2 of the Lair of Beasts.
You worshipped Okawaru.
Okawaru was extremely pleased with you.
You visited 2 branches of the dungeon, and saw 11 of its levels.
You also visited: Ossuary.

You collected 645 gold pieces.

Inventory:

Hand Weapons
 j - a +2 scimitar of flaming (weapon)
Armour
 f - a +0 pair of boots (worn)
 g - a +2 pair of gloves (worn)
 k - a +0 cloak (worn)
 l - a +2 helmet (worn)
 I - a +1 robe of willpower
 J - +0 steam dragon scales (worn)
Jewellery
 h - a ring of resist corrosion
 x - a +4 ring of protection (right hand)
 E - a +6 ring of dexterity (left hand)
 F - an amulet of regeneration (around neck)
Wands
 y - a wand of polymorph (9)
 D - a wand of roots (10)
Scrolls
 a - a scroll of enchant weapon {unknown}
 m - a scroll of enchant armour
 n - 3 scrolls of fear
 p - 4 scrolls of noise {unknown}
 q - 2 scrolls of teleportation {unknown}
 r - 4 scrolls of blinking
 B - 2 scrolls of identify {unknown}
 C - 2 scrolls of revelation {unknown}
 H - a scroll of immolation {unknown}
Potions
 b - a potion of magic
 c - 3 potions of degeneration {unknown}
 d - 3 potions of attraction
 e - 4 potions of curing {unknown}
 i - a potion of brilliance {unknown}
 s - 2 potions of lignification {unknown}
 t - a potion of berserk rage {unknown}
 u - 2 potions of enlightenment {unknown}
 v - 4 potions of heal wounds
 w - 3 potions of haste {unknown}
 z - a potion of might {unknown}
 A - a potion of invisibility {unknown}


   Skills:
 + Level 12.9 Fighting
 + Level 12.8 Long Blades
 + Level 9.8 Dodging
 - Level 1.7 Stealth
 + Level 4.5 Spellcasting
 + Level 9.3 Ice Magic


You had 10 spell levels left.
You knew the following spells:

 Your Spells              Type           Power      Damage    Failure   Level
a - Freeze                Ice            100%       1d10      1%          1
b - Frozen Ramparts       Ice            66%        1d10      1%          3
c - Ozocubu's Armour      Ice            33%        N/A       1%          3
d - Summon Ice Beast      Ice/Summ       18%        N/A       7%          3

Your spell library contained the following spells:

 Spells                   Type           Power      Damage    Failure   Level
 Dazzling Flash           Conj/Hex       6%         N/A       43%         3
 Mephitic Cloud           Conj/Alch/Air  3%         N/A       43%         3
 Leda's Liquefaction      Alch/Erth      1%         N/A       85%         4
 Borgnjor's Vile Clutch   Necr/Erth      1%         N/A       99%         5
 Curse of Agony           Necr           3%         N/A       99%         5
 Lee's Rapid Deconstruct  Erth           1%         3d4*      99%         5
 Silence                  Hex/Air        1%         N/A       99%         5
 Bombard                  Conj/Erth      1%         9d1       100%        6
 Animate Dead             Necr           Unusable   N/A       N/A         4
 Death Channel            Necr           Unusable   N/A       N/A         6

Dungeon Overview and Level Annotations

Branches:
Dungeon (9/15)             Temple (0/1) D:6            Lair (2/5) D:9
Ossuary (visited)
  Swamp: Lair:2-3    Shoals: Lair:2-3     Snake: Lair:2-3    Spider: Lair:2-3
    Orc: D:9-12

Altars:
Cheibriados
Elyvilon
Fedhas
Gozag
Hepliaklqana
Kikubaaqudgha
Makhleb
Nemelex Xobeh
Okawaru
Qazlal
Trog
Xom
Yredelemnul

Shops:
D:1 :

Annotations:
D:3 2 transporters, Grinder; gimp's ghost, amateur VSSh
D:7 3 runed translucent doors, Arkalis's ghost, amateur GnHu


Innate Abilities, Weirdness & Mutations

You are amphibious.
You cover ground slowly.
You can hop short distances.
You have an extended range of vision and can be seen from far away.


Message History

The wall freezes the polar bear but does no damage.
The polar bear barely misses you.
The polar bear claws you but does no damage.
The polar bear misses you. The black bear is attracted toward you.
You slice the wyvern!! You burn the wyvern.
You kill the wyvern!
Okawaru accepts your kill.
The grasping roots constrict the polar bear.
You grasping roots sink back into the ground.
The wall freezes the culicivora.
The culicivora bites you!
* * * LOW HITPOINT WARNING * * *
The culicivora draws strength from your injuries!
The wall freezes the culicivora.
The culicivora chitters at the culicivora.
The culicivora's wounds heal themselves!
The wall freezes the cane toad!
The wall freezes the dream sheep!
The wall freezes the basilisk!
The polar bear resists.
The wall freezes the polar bear.
The polar bear goes berserk!
You hit the polar bear. You burn the polar bear.
The polar bear is severely wounded.
The wall freezes the culicivora.
The culicivora bites you!
* * * LOW HITPOINT WARNING * * *
The culicivora draws strength from your injuries!
The wall freezes the culicivora.
The culicivora bites you.
* * * LOW HITPOINT WARNING * * *
The culicivora draws strength from your injuries!
The wall freezes the cane toad.
The polar bear resists.
The wall freezes the polar bear.
The polar bear barely misses you. x2
The polar bear closely misses you.
The wall freezes the culicivora but does no damage.
The culicivora misses you.
A cane toad comes into view.
The wall freezes the dream sheep.
The wall freezes the black bear!
The dream sheep shake their wool and sparkle.
You feel drowsy...
You fall asleep.
The wall freezes the basilisk but does no damage.
The cane toad is attracted toward you.
The wall freezes the culicivora.
The culicivora bites you!!!
Ouch! That really hurt!
You die...

.................<............
..............................
#.P#.P##..#...................
.##########..........(.####..
## #...#..#+P.........# .
####.#......†#..#....PP #
..P......l...#........P .
>.....###s#h#...#.#P.P# .
.......F†@hF§.......... .
#..#.§#+##ssY..........
........l.YsS..........
#..(....s#k...........
...##.#.w#..........#
#..................#.
####..PP.............
#.................
#.................


You could see a polar bear (berserk), 4 culicivoras, 2 cane toads, a basilisk, a
rime drake, a water moccasin, a black bear and 2 dream sheep.

Vanquished Creatures
  A two-headed ogre (D:9)
  Nergalle (Lair:1)
  A black mamba (Lair:1)
  A rime drake (Lair:2)
  6 cane toads (Lair:1)
  Maggie (D:9)
  Jeremiah (Lair:1)
  3 komodo dragons (Lair:1)
  A polar bear (Lair:2)
  A hornet (D:7)
  2 blink frogs (Lair:1)
  Prince Ribbit (Lair:1)
  2 dream sheep (Lair:2)
  A culicivora (Lair:2)
  6 wyverns
  A yak (D:9)
  A steam dragon (D:8)
  Menkaure (D:5)
  11 water moccasins
  Duvessa (D:5)
  A sky beast (D:6)
  4 orc warriors
  4 black bears
  2 ogres
  2 ice beasts
  3 wolves (Lair:1)
  3 centaurs
  A phantom (D:6)
  2 kobold brigands
  7 bullfrogs
  4 elf zombies (Ossuary)
  2 scorpions
  Dowan (D:5)
  22 wights
  A killer bee (D:9)
  2 bombardier beetles
  2 howler monkeys (D:7)
  A spectral bullfrog (Ossuary)
  3 human zombies (Ossuary)
  5 hounds
  3 jellies
  A gnoll bouda (D:9)
  An orc priest (D:8)
  Crazy Yiuf (D:2)
  A sleepcap (D:5)
  Terence (D:3)
  3 iguanas
  Natasha (thrice) (D:2)
  6 orc wizards
  2 crocodile zombies (Ossuary)
  A spectral hound (Ossuary)
  3 mummies (Ossuary)
  Robin (D:2)
  3 gnolls (D:9)
  5 adders
  2 hound simulacra (Ossuary)
  A shadow imp (D:7)
  5 spectral adders (Ossuary)
  A spectral gnoll (Ossuary)
  3 dart slugs
  A ribbon worm (D:5)
  6 adder simulacra (Ossuary)
  32 orcs
  4 ball pythons
  7 bats
  9 endoplasms
  3 giant cockroaches
  3 gnoll zombies (Ossuary)
  13 goblins
  8 hobgoblins
  15 kobolds
  2 quokkas
  2 frilled lizards (D:2)
  A jackal simulacrum (Ossuary)
  10 kobold zombies (Ossuary)
  3 orc zombies (Ossuary)
  4 rats
  4 spectral jackals (Ossuary)
290 creatures vanquished.

Notes
Turn   | Place    | Note
-------+----------+-------------------------------------------
     0 | D:1      | BubbleThief the Barachi Ice Elementalist began the quest
                  | for the Orb.
     0 | D:1      | Reached XP level 1. HP: 13/13 MP: 3/3
   152 | D:1      | Reached skill level 5 in Ice Magic
   183 | D:1      | Found Muosimix's Book Shop.
   339 | D:1      | Reached XP level 2. HP: 17/19 MP: 0/5
   944 | D:2      | Noticed Natasha
   946 | D:2      | Killed Natasha
   947 | D:2      | Reached XP level 3. HP: 24/24 MP: 4/7
   951 | D:2      | Learned a level 3 spell: Frozen Ramparts
   955 | D:2      | Learned a level 3 spell: Ozocubu's Armour
  1000 | D:2      | Noticed Natasha
  1005 | D:2      | Killed Natasha
  1006 | D:2      | Reached XP level 4. HP: 30/30 MP: 5/8
  1083 | D:2      | Noticed Natasha
  1087 | D:2      | Killed Natasha
  1268 | D:2      | Identified the +4 trident "Gyrinet" {freeze, rElec Will+
                  | Dex+3 Stlth+}
  1321 | D:2      | Found a runed translucent door.
  1322 | D:2      | Noticed Crazy Yiuf
  1331 | D:2      | Killed Crazy Yiuf
  1332 | D:2      | Reached XP level 5. HP: 31/35 MP: 3/10
  1629 | D:2      | Noticed Robin
  1638 | D:2      | Killed Robin
  1850 | D:3      | Found an ancient bone altar of Kikubaaqudgha.
  1917 | D:3      | Noticed gimp's ghost (amateur VSSh)
  1918 | D:3      | Found a transporter.
  1950 | D:3      | Found a transporter.
  2039 | D:3      | Noticed Terence
  2048 | D:3      | Killed Terence
  2055 | D:3      | Noticed Grinder
  2079 | D:3      | Paralysed by Grinder for 2 turns
  2084 | D:3      | Paralysed by Grinder for 4 turns
  2120 | D:3      | Found an opulent altar of Gozag.
  2231 | D:3      | Reached XP level 6. HP: 40/42 MP: 7/11
  2299 | D:3      | Paralysed by Grinder for 5 turns
  2312 | D:3      | Paralysed by Grinder for 2 turns
  2328 | D:3      | Paralysed by Grinder for 3 turns
  2372 | D:3      | Reached skill level 1 in Fighting
  2503 | D:4      | Reached skill level 1 in Long Blades
  2527 | D:4      | Found a sand-covered staircase.
  2533 | Ossuary  | Entered an ossuary
  2872 | Ossuary  | Reached XP level 7. HP: 22/51 MP: 1/13
  3567 | Ossuary  | Reached XP level 8. HP: 58/59 MP: 12/14
  3902 | D:4      | Reached skill level 5 in Fighting
  3902 | D:4      | Reached skill level 5 in Long Blades
  3962 | D:4      | Identified the +7 spear "Pendulum" {venom, rElec Str+6}
  4311 | D:5      | Entered Level 5 of the Dungeon
  4341 | D:5      | Learned a level 3 spell: Summon Ice Beast
  4411 | D:5      | Noticed Duvessa
  4412 | D:5      | Noticed Dowan
  4421 | D:5      | Killed Duvessa
  4423 | D:5      | Killed Dowan
  4843 | D:5      | Noticed Menkaure
  4860 | D:5      | Killed Menkaure
  4861 | D:5      | Reached XP level 9. HP: 22/72 MP: 9/15
  5432 | D:6      | Found a blossoming altar of Fedhas.
  5435 | D:6      | Found an iron altar of Okawaru.
  5480 | D:6      | Became a worshipper of Warmaster Okawaru
  5495 | D:6      | Found a hazy altar of Hepliaklqana.
  5495 | D:6      | Found a basalt altar of Yredelemnul.
  5495 | D:6      | Found a shimmering altar of Xom.
  5497 | D:6      | Found a snail-covered altar of Cheibriados.
  5498 | D:6      | Found a white marble altar of Elyvilon.
  5499 | D:6      | Found a bloodstained altar of Trog.
  5500 | D:6      | Found a stormy altar of Qazlal.
  5501 | D:6      | Found a burning altar of Makhleb.
  6158 | D:6      | Found a staircase to the Ecumenical Temple.
  6742 | D:7      | Reached * piety under Okawaru
  6865 | D:7      | Noticed a hornet
  6873 | D:7      | Paralysed by a hornet for 2 turns
  6876 | D:7      | Killed a hornet
  7379 | D:7      | Found a runed translucent gate.
  7380 | D:7      | Found a runed translucent gate.
  7380 | D:7      | Found a runed translucent gate.
  7380 | D:7      | Noticed Arkalis's ghost (amateur GnHu)
  7650 | D:8      | Found a sparkling altar of Nemelex Xobeh.
  7991 | D:8      | Reached skill level 5 in Dodging
  7991 | D:8      | Reached XP level 10. HP: 70/83 MP: 12/16
  8185 | D:8      | Reached ** piety under Okawaru
  8777 | D:9      | Reached skill level 10 in Fighting
  8815 | D:9      | Reached skill level 10 in Long Blades
  9067 | D:9      | Reached *** piety under Okawaru
  9212 | D:9      | Noticed Maggie
  9222 | D:9      | Killed Maggie
  9229 | D:9      | Found a staircase to the Lair.
  9451 | D:9      | Noticed a two-headed ogre
  9466 | D:9      | Killed a two-headed ogre
  9466 | D:9      | Reached **** piety under Okawaru
  9468 | D:9      | Reached XP level 11. HP: 93/93 MP: 9/17
  9828 | Lair:1   | Entered Level 1 of the Lair of Beasts
  9828 | Lair:1   | Noticed Nergalle
  9844 | Lair:1   | Killed Nergalle
  9933 | Lair:1   | Noticed Prince Ribbit
  9941 | Lair:1   | Killed Prince Ribbit
  9945 | Lair:1   | Reached ***** piety under Okawaru
 10015 | Lair:1   | Noticed Jeremiah
 10311 | Lair:1   | Received a gift from Okawaru
 10362 | Lair:1   | Killed Jeremiah
 10655 | Lair:1   | You fall into a shaft and drop 1 floor!
 11110 | Lair:2   | Received a gift from Okawaru
 11150 | Lair:2   | Reached XP level 12. HP: 103/103 MP: 11/18
 11175 | Lair:2   | Annihilated by a culicivora

Illustrated notes

Levels and vault maps discovered:
D:1:      scummos_arrival_simple_fountains, layout_loops_cross, serial_shops,
          shop_fountains
D:2:      layout_loops_cross, uniq_robin, uniq_natasha, uniq_crazy_yiuf_cottage
D:3:      layout_loops_ring, grunt_temple_overflow_open,
          gammafunk_ghost_stat_death, uniq_terence, uniq_grinder
D:4:      minmay_spotlight, layout_rooms, nicolae_ossuary_entry_plus
D:5:      layout_cave_pools, st_stairs_1, minmay_misc_feat_alley, uniq_menkaure,
          uniq_duvessa
D:6:      layout_loops_corners, minitemple, temple_statues
D:7:      layout_rooms, gammafunk_ghost_nasty_kobolds, chequers_jeans
D:8:      layout_loops_ring, nemelex_spade_bored_becter,
          minmay_tree_intersection
D:9:      layout_roguey, lair_entry_dummy, serial_curves, eino_curves_01,
          eino_curves_02, minmay_fractal_squares_5, uniq_maggie
Lair:1:   layout_regular_city, uniq_nergalle, uniq_prince_ribbit2, uniq_jeremiah
Lair:2:   layout_chaotic_city, hellmonk_spider_entry_life_and_decay,
          ebering_ghost_rock_garden, grunt_megastairs_2

Skill      XL: |  1  2  3  4  5  6  7  8  9 10 11 |
---------------+----------------------------------+-----
Ice Magic      | 5 6 7 8 9 |  9.3
Spellcasting   | 3 4 |  4.5
Fighting       | 2 3 7 9 11 12 | 12.9
Long Blades    | 2 3 7 9 11 12 | 12.8
Dodging        | 5 7 9 |  9.8
Stealth        | |  1.7

Action                     |  1- 3 |  4- 6 |  7- 9 | 10-12 || total
---------------------------+-------+-------+-------+-------++-------
  Melee: Unarmed           |     1 |       |       |       ||     1
         Long sword        |       |   195 |   374 |    87 ||   656
         Scimitar          |       |       |       |   171 ||   171
         Great sword       |       |       |       |    32 ||    32
   Cast: Freeze            |    30 |     6 |       |       ||    36
         Frozen Ramparts   |       |    25 |    54 |    46 ||   125
         Ozocubu's Armour  |       |    15 |    40 |    28 ||    83
Ability: Hop               |       |     1 |     1 |     1 ||     3
  Evoke: Wand              |       |       |       |     1 ||     1
    Use: Scroll            |       |     1 |     1 |     6 ||     8
         Potion            |       |       |       |     2 ||     2
   Stab: Sleeping          |       |     1 |     2 |       ||     3
         Distracted        |       |       |     1 |       ||     1
 Armour: Robe              |     6 |   189 |   289 |    70 ||   554
         Steam dragon scal |       |       |       |   120 ||   120
         Skin              |       |       |       |     2 ||     2
  Dodge: Dodged            |    13 |   136 |   245 |   269 ||   663
         Repelled          |       |       |     2 |       ||     2

Table legend: (Time is in decaauts)
 A = Elapsed time spent in this place.
 B = Non-inter-level travel time spent in this place.
 C = Inter-level travel time spent in this place.
 D = Time resting spent in this place.
 E = Time spent auto-exploring this place.
 F = Levels seen in this place.
 G = Mean time per level.
                   A        B        C        D        E       F      G
               +--------+--------+--------+--------+--------+-----+--------+
         Total |  12415 |  11903 |    512 |    111 |   9197 |  12 | 1034.6 |
       Dungeon |   9715 |   9290 |    425 |      5 |   7563 |   9 | 1079.4 |
          Lair |   1470 |   1383 |     87 |      0 |   1051 |   2 |  735.0 |
       Ossuary |   1230 |   1230 |      0 |    106 |    582 |   1 | 1230.0 |
               +--------+--------+--------+--------+--------+-----+--------+

Top non-repeatable levels by time:
     D:6: 1496 daAuts
     D:8: 1380 daAuts
  Lair:1: 1335 daAuts
 Ossuary: 1230 daAuts
     D:9: 1222 daAuts
     D:2: 1197 daAuts
     D:5: 1069 daAuts
     D:1: 945 daAuts
     D:7: 939 daAuts
     D:4: 799 daAuts
     D:3: 664 daAuts
  Lair:2: 134 daAuts
